 Dungeon Crawl Stone Soup version 0.28-a0-1613-gdaab1c2f9b (webtiles) character file.

Game seed: 9114870986143397651

57 Shayle the Sneak (level 3, -6/27 HPs)
             Began as a Vampire Warper on Jan 22, 2022.
             Killed from afar by an orc wizard (9 damage)
             ... with a magic dart
             ... on level 3 of the Dungeon.
             The game lasted 00:04:36 (1469 turns).

Shayle the Sneak (Vampire Warper)                   Turns: 1469, Time: 00:04:37

Health: -6/27      AC:  3    Str: 10    XL:     3   Next: 73%
Magic:  6/6        EV: 12    Int: 15    God:
Gold:   86         SH:  0    Dex: 17    Spells: 6/6 levels left

rFire   . . .      SeeInvis +   a - +0 falchion
rCold   . . .      Faith    .   (no shield)
rNeg    . . .      Spirit   .   b - +0 leather armour
rPois   .          Reflect  .   (no helmet)
rElec   .          Harm     .   (no cloak)
rCorr   .          Rampage  .   (no gloves)
Will    .....                   (no boots)
Stlth   +.........              (no amulet)
HPRegen 0.29/turn               (no ring)
MPRegen 0.10/turn               (no ring)

@: confused, attractive, healing quickly
A: alive, fangs 3, see invisible, vampiric 2, agile 1
a: Exsanguinate


You were on level 3 of the Dungeon.
You visited 1 branch of the dungeon, and saw 3 of its levels.

You collected 86 gold pieces.

Inventory:

Hand Weapons
 a - a +0 falchion (weapon)
 l - a +3 dagger
Missiles
 d - 5 boomerangs of dispersal (quivered)
 h - 5 poisoned darts
Armour
 b - a +0 leather armour (worn)
Wands
 m - a wand of charming (11)
Scrolls
 c - a scroll of blinking
 g - a scroll of enchant weapon {unknown}
 i - a scroll of magic mapping {unknown}
 k - a scroll of amnesia {unknown}
 n - 3 scrolls of identify {unknown}
Potions
 e - 5 potions of attraction


   Skills:
 + Level 2.1 Fighting
 + Level 3.1 Long Blades
 - Level 0.7 Throwing
 - Level 0.7 Armour
 - Level 2.1 Dodging
 + Level 3.5 Stealth
 - Level 2.0 Spellcasting
 - Level 2.4 Translocations


You had 6 spell levels left.
You didn't know any spells.
Your spell library contained the following spells:

 Spells                   Type           Power      Damage    Failure   Level
 Blink                    Tloc           16%        N/A       17%         2
 Summon Small Mammal      Summ           4%         N/A       30%         1
 Gell's Gravitas          Tloc           8%         N/A       34%         3
 Lesser Beckoning         Tloc           8%         N/A       34%         3
 Teleport Other           Tloc           8%         N/A       34%         3
 Manifold Assault         Tloc           8%         N/A       97%         5


Dungeon Overview and Level Annotations

Branches:
Dungeon (3/15)

Altars:
Gozag


Innate Abilities, Weirdness & Mutations

Your natural rate of healing is accelerated.
You have razor-sharp teeth.
You have supernaturally acute eyesight. (SInv)
You are afflicted with vampirism and can become a bat while bloodless.
You are agile. (Dex +2)


Message History

Press: ? - help, Dir - move target
As you read the scroll of blinking, it crumbles to dust.
The orc wizard is attracted toward you. The orc is attracted toward you.
The goblin is attracted toward you. The orc wizard is attracted toward you.
You hit the orc.
The orc is almost dead.
You closely miss the orc wizard.
The orc wizard is moderately wounded.
You closely miss the orc wizard.
The orc wizard is moderately wounded.
The orc wizard points at you and mumbles some strange words.
You resist with some effort.
You hit the orc wizard. You bite the orc wizard.
The orc wizard is almost dead.
You closely miss the orc wizard.
The orc wizard is almost dead.
The orc wizard barely misses you. The goblin hits you with a +0 club.
* * * LOW HITPOINT WARNING * * *
You closely miss the orc wizard.
The orc wizard is almost dead.
The orc wizard hits you with a +0 dagger.
* * * LOW HITPOINT WARNING * * *
The goblin hits you with a +0 club.
* * * LOW HITPOINT WARNING * * *
The orc wizard gestures at you while chanting.
You are confused.
Okay, then.
You are too confused!
Unknown command.
You're too confused to move!
The goblin hits you but does no damage.
The orc wizard gestures at you while chanting.
You are more confused.
Unknown command.
The orc wizard hits you with a +0 dagger.
* * * LOW HITPOINT WARNING * * *
Unknown command.
The orc wizard gestures at you while chanting.
The magic dart hits you!
You die...

#.#.# #.#.# #########.#.#
#.)....##'#.#
#.......)...###+#
#....<.........[# ####+###
#...........###.# #......#
#..........####.####......#
#..........'...@.o.'......#
#####..###.###..go.#......#
#### ### ##....#.g....#
##...#.ยงยง...#
#...#...)..# #...#.....[#
#...######.# ##### ... .###


You could see an orc wizard, an orc and a goblin.

Vanquished Creatures
  An adder (D:2)
  A worm (D:2)
  2 dart slugs
  An orc (D:3)
  4 bats
  2 endoplasms (D:1)
  4 giant cockroaches
  2 goblins
  2 hobgoblins (D:1)
  A quokka (D:2)
  4 ball pythons
  2 frilled lizards (D:1)
  11 kobolds
  3 rats
40 creatures vanquished.

Notes
Turn   | Place    | Note
-------+----------+-------------------------------------------
     0 | D:1      | Shayle the Vampire Warper began the quest for the Orb.
     0 | D:1      | Reached XP level 1. HP: 16/16 MP: 3/3
    41 | D:1      | Reached skill level 1 in Stealth
   193 | D:1      | Reached XP level 2. HP: 18/22 MP: 5/5
   433 | D:1      | Found a faded altar of an unknown god.
   455 | D:1      | Got Plato's Almanac of Companions
   718 | D:2      | Found an opulent altar of Gozag.
   730 | D:2      | Gained mutation: You are afflicted with vampirism and can
                  | become a bat while bloodless. [Vampire growth]
   730 | D:2      | Reached XP level 3. HP: 26/27 MP: 6/6
  1016 | D:2      | Noticed an ogre
  1454 | D:3      | Gained mutation: You are agile. (Dex +2) [potion of
                  | mutation]
  1469 | D:3      | Killed from afar by an orc wizard

Illustrated notes

Levels and vault maps discovered:
D:1:      saegor_arrival_simple_b, layout_rooms, serial_glass, glass_columns_c,
          glass_columns_a, shapermc_ecumenical_altar_rom_forum
D:2:      layout_loops_corners, basic_altar
D:3:      minmay_angry_zag, layout_basic, minmay_puff

Skill      XL: |  1  2  3 |
---------------+----------+-----
Stealth        | 1 2 3 |  3.5
Fighting       | 2 |  2.1
Long Blades    | 3 |  3.1
Throwing       | |  0.7
Armour         | |  0.7
Dodging        | |  2.1
Spellcasting   | |  2.0
Translocations | |  2.4

Action                   || total
-------------------------++-------
Melee: Falchion          ||   134
       Bite              ||    16
  Use: Potion            ||     3
       Scroll            ||     1
 Stab: Sleeping          ||     3
Armor: Leather armour    ||    41
Dodge: Dodged            ||    92

Table legend: (Time is in decaauts)
 A = Elapsed time spent in this place.
 B = Non-inter-level travel time spent in this place.
 C = Inter-level travel time spent in this place.
 D = Time resting spent in this place.
 E = Time spent auto-exploring this place.
 F = Levels seen in this place.
 G = Mean time per level.
                   A        B        C        D        E       F      G
               +--------+--------+--------+--------+--------+-----+--------+
         Total |   1491 |   1477 |     14 |    148 |    750 |   3 |  497.0 |
       Dungeon |   1491 |   1477 |     14 |    148 |    750 |   3 |  497.0 |
               +--------+--------+--------+--------+--------+-----+--------+

Top non-repeatable levels by time:
     D:2: 808 daAuts
     D:1: 603 daAuts
     D:3: 80 daAuts
